 Dungeon Crawl Stone Soup version 0.30.0-10-gfe55d96785 (webtiles) character file.

Game seed: 220730652162951939

63 CaptainMV the Firebug (level 3, -6/24 HPs)
             Began as a Demonspawn Fire Elementalist on May 15, 2023.
             Killed by divine providence
             ... invoked by an orc priest
              (12 damage)
             ... on level 3 of the Dungeon.
             The game lasted 00:14:31 (1726 turns).

CaptainMV the Firebug (DsFE)                        Turns: 1726, Time: 00:14:32

Health: -6/24      AC:  2    Str:  8    XL:     3   Next: 87%
Magic:  0/6        EV: 12    Int: 18    God:
Gold:   128        SH:  5    Dex: 13    Spells: 2/6 levels left

rFire   . . .        a - staff of conjuration
rCold   . . .        (no shield)
rNeg    . . .        c - +0 robe
rPois   .            (no helmet)
rElec   .            (no cloak)
rCorr   .            (no gloves)
SInv    .            (no boots)
Will    .....        d - amulet of reflection
Stlth   ++           (no ring)
HPRegen 0.24/turn    (no ring)
MPRegen 0.10/turn

%: reflection
@: no status effects
A: weakness stinger 1
a: no special abilities


You were on level 3 of the Dungeon.
You visited 1 branch of the dungeon, and saw 3 of its levels.

You collected 128 gold pieces.

Inventory:

Missiles
 h - 10 poisoned darts
 j - 3 javelins (quivered)
Armour
 c - a +0 robe (worn)
Magical Staves
 a - a staff of conjuration (weapon)
Jewellery
 d - an amulet of reflection (around neck)
Scrolls
 e - a scroll of noise
 g - 2 scrolls of blinking {unknown}
 i - 3 scrolls of identify
 l - a scroll of immolation {unknown}
Potions
 b - a potion of magic
 f - 2 potions of heal wounds {unknown}
 k - a potion of brilliance {unknown}
 m - a potion of curing {unknown}


   Skills:
 + Level 0.2 Fighting
 + Level 1.0 Staves
 + Level 0.1 Throwing
 + Level 2.0 Dodging
 + Level 2.3 Stealth
 + Level 2.2 Spellcasting
 + Level 1.1 Conjurations
 + Level 3.4 Fire Magic


You had 2 spell levels left.
You knew the following spells:

 Your Spells              Type           Power      Damage    Failure   Level
a - Foxfire               Conj/Fire      60%        2x1d7     7%          1
b - Inner Flame           Hex/Fire       8%         N/A       26%         3

Your spell library contained the following spells:

 Spells                   Type           Power      Damage    Failure   Level
 Scorch                   Fire           28%        2d6       6%          2
 Necrotise                Necr           4%         1d4       19%         1
 Volatile Blastmotes      Fire/Tloc      16%        2d11      26%         3
 Vampiric Draining        Necr           1%         2d6       47%         3
 Flame Wave               Conj/Fire      15%        2d7       56%         4
 Agony                    Necr           1%         N/A       99%         5


Dungeon Overview and Level Annotations

Branches:
Dungeon (3/15)

Altars:


Innate Abilities, Weirdness & Mutations

You have a small tail.


Message History

You feel a surge of power!
You conjure some foxfire!
Your foxfire dissipates!
The foxfire hits the bat.
You kill the bat!
An orc comes into view. It is wielding a +0 flail.
The orc shouts!
An orc priest comes into view. It is wielding a +0 flail.
The orc priest moves out of view.
Casting: Foxfire (safe; 7% risk of failure)
Confirm with . or Enter, or press ? or * to list all spells.
You feel a surge of power!
You conjure some foxfire!
Casting: Foxfire (safe; 7% risk of failure)
Confirm with . or Enter, or press ? or * to list all spells.
The spell is extremely dangerous to miscast (26% risk of failure)!
Continue anyway? [Y]es or [N]o only, please.
The spell is extremely dangerous to miscast (26% risk of failure)!
Continue anyway? [Y]es or [N]o only, please.
The spell is extremely dangerous to miscast (26% risk of failure)!
Continue anyway?
Aiming: Inner Flame (extremely dangerous; 26% risk of failure)
Press: ? - help, Dir - move target, f - orc priest
Aim: an orc priest, wielding a +0 flail and wearing a +0 leather armour (not watching you, chance to affect: 55%)
The orc priest resists with significant effort.
The foxfire hits the orc.
The orc is moderately wounded.
The foxfire hits the orc!
You kill the orc!
An orc comes into view. It is wielding a +0 mace.
An orc comes into view. It is wielding a +0 war axe.
The orc shouts!
The orc priest invokes the aid of Beogh against you.
Pain shoots through your body!
The orc priest calls down the wrath of Beogh upon you.
Beogh smites you!
Ouch! That really hurt!
* * * LOW HITPOINT WARNING * * *
The orc priest looks satisfied for a moment.
The orc priest calls down the wrath of Beogh upon you.
Beogh smites you!
Ouch! That really hurt!
You die...

#. #..#
###.#######..####
#................
#.....!...o).... .
#.......o.o..# #####.#
#...........†##......#
#......[..............
#.....................
######@####...........
####.####...........
##.....#.............
##....................
#.....................
#.........)....<......
#......†...........[..
#.....................
#..[..................


You could see an orc priest and 2 orcs.

Vanquished Creatures
  A worm (D:2)
  2 dart slugs
  An orc (D:3)
  6 bats
  5 endoplasms
  A giant cockroach (D:1)
  6 goblins
  7 hobgoblins
  4 jackals (D:1)
  2 quokkas
  3 ball pythons
  3 frilled lizards
  4 kobolds
  A rat (D:1)
46 creatures vanquished.

Vanquished Creatures (others)
  66 foxfires
66 creatures vanquished.

Grand Total: 112 creatures vanquished

Notes
Turn   | Place    | Note
-------+----------+-------------------------------------------
     0 | D:1      | CaptainMV the Demonspawn Fire Elementalist began the quest
                  | for the Orb.
     0 | D:1      | Reached XP level 1. HP: 13/13 MP: 3/3
   248 | D:1      | Reached skill level 3 in Fire Magic
   258 | D:1      | Found a faded altar of an unknown god.
   273 | D:1      | Gained mutation: You have a small tail. [demonic ancestry]
   273 | D:1      | Reached XP level 2. HP: 19/19 MP: 5/5
   487 | D:1      | Reached XP level 3. HP: 24/24 MP: 0/6
  1093 | D:2      | Learned a level 3 spell: Inner Flame
  1144 | D:2      | Reached skill level 1 in Staves
  1726 | D:3      | Killed from afar by an orc priest

Illustrated notes

Levels and vault maps discovered:
D:1:      heliophobic_arrival_dark_side_of_the_moon, layout_loops_ring,
          hellmonk_ecumenical_altar_inner_sanctum
D:2:      layout_loops_corners
D:3:      layout_rooms, serial_shops, shop, gammafunk_ghost_grave,
          minmay_pentangle, uniq_grinder

Skill      XL: |  1  2  3 |
---------------+----------+-----
Stealth        | 2 |  2.3
Fire Magic     | 3 |  3.4
Dodging        | 2 |  2.0
Staves         | 1 |  1.0
Fighting       | |  0.2
Throwing       | |  0.1
Spellcasting   | |  2.2
Conjurations   | |  1.1

Action                     || total
---------------------------++-------
  Melee: Staff             ||    85
         Tailslap          ||    12
  Throw: Dart              ||     3
         Javelin           ||     1
   Cast: Foxfire           ||    48
         Inner Flame       ||     6
    Use: Scroll            ||     4
 Armour: Robe              ||    15
  Dodge: Dodged            ||    73
  Block: Other             ||    10
